 Dungeon Crawl Stone Soup version 0.27-a0-1202-ge72e49191c (webtiles) character file.

Game seed: 12382093897185128690

1885 streetpizza the Shield-Bearer (level 9, -3/57 HPs)
             Began as a Gargoyle Fighter on June 2, 2021.
             Was a Priest of the Shining One.
             Slain by a swamp worm (12 damage)
             ... on level 7 of the Dungeon.
             The game lasted 00:17:50 (6849 turns).

streetpizza the Shield-Bearer (Gargoyle Fighter)    Turns: 6849, Time: 00:17:51

Health: -3/57      AC: 13    Str: 25    XL:     9   Next: 14%
Magic:  9/9        EV:  9    Int: 12    God:    the Shining One [***...]
Gold:   467        SH: 11    Dex: 10    Spells: 8/8 levels left

rFire    + . .     SeeInvis .   G - +3 flail
rCold    . . .     Faith    .   c - +0 kite shield
rNeg     + + .     Spirit   .   p - +3 leather armour {rF+}
rPois    ∞         Reflect  .   (no helmet)
rElec    +         Harm     .   (no cloak)
rCorr    .         Rampage  .   (no gloves)
Will     .....                  (no boots)
Stlth    +.........             (no amulet)
HPRegen  0.19/turn              a - +6 ring of strength
MPRegen  0.11/turn              (no ring)

@: glowing
A: sickness immunity, AC +6, negative energy resistance 1, electricity
resistance, torment resistance 1, petrification resistance
a: Renounce Religion, Divine Shield


You were on level 7 of the Dungeon.
You worshipped the Shining One.
The Shining One was most pleased with you.
You visited 2 branches of the dungeon, and saw 8 of its levels.
You also visited: Sewer.

You collected 467 gold pieces.

Inventory:

Hand Weapons
 G - a +3 flail (weapon)
Missiles
 i - a throwing net (quivered)
 I - 5 javelins
Armour
 b - a +0 scale mail
 c - a +0 kite shield (worn)
 j - a +0 buckler
 p - a +3 leather armour of fire resistance (worn)
Jewellery
 a - a +6 ring of strength (left hand)
 n - an amulet of magic regeneration
Wands
 l - a wand of iceblast (9)
 o - a wand of digging (1)
 E - a wand of mindburst (12)
Scrolls
 e - 2 scrolls of fear {unknown}
 f - a scroll of blinking {unknown}
 g - 3 scrolls of enchant weapon {unknown}
 k - a scroll of amnesia {unknown}
 q - 5 scrolls of identify {unknown}
 r - a scroll of immolation {unknown}
 s - 2 scrolls of noise
 u - 3 scrolls of enchant armour {unknown}
 v - a scroll of vulnerability {unknown}
 w - a scroll of magic mapping {unknown}
 y - a scroll of teleportation {unknown}
 A - a scroll of brand weapon {unknown}
 C - a scroll of summoning {unknown}
 F - a scroll of fog {unknown}
Potions
 d - a potion of might
 h - 3 potions of curing {unknown}
 m - 4 potions of flight
 t - a potion of mutation {unknown}
 x - 3 potions of lignification
 z - a potion of heal wounds
 B - a potion of attraction {unknown}
 D - a potion of degeneration {unknown}
 H - a potion of resistance


   Skills:
 + Level 7.1 Fighting
 + Level 6.1 Maces & Flails
 + Level 7.1 Armour
 + Level 7.2 Shields


You had 8 spell levels left.
You didn't know any spells.
Your spell library contained the following spells:

 Spells                   Type           Power      Damage    Failure   Level
 Shock                    Conj/Air       0%         1d3       71%         1
 Static Discharge         Conj/Air       0%         N/A       83%         2
 Swiftness                Air            0%         N/A       97%         3
 Airstrike                Air            0%         N/A       100%        4
 Lightning Bolt           Conj/Air       0%         1d11      100%        5


Dungeon Overview and Level Annotations

Branches:
Dungeon (7/15)             Temple (1/1) D:6           Sewer (visited)

Altars:
Ashenzari
Elyvilon
Fedhas
Nemelex Xobeh
Okawaru
Ru
Sif Muna
Trog
Uskayaw
Vehumet
Wu Jian
Xom
Yredelemnul
The Shining One


Innate Abilities, Weirdness & Mutations

You are immune to sickness and miasma.
Your stone body is resilient. (AC +6)
You are immune to poison.
You resist negative energy. (rN+)
You are resistant to electric shocks. (rElec)
You are resistant to unholy torment.
You are immune to petrification.


Message History

Something bites the plant.
The plant begins to die.
You thump the plant!
The plant begins to die.
The plant is lightly damaged.
Something bites the plant!
Something bites the plant.
Something bites the plant! x3
A nearby plant withers and dies.
A nearby plant withers and dies.
The swamp worm fires a harpoon shot at you.
The harpoon shot hits you but does no damage.
The swamp worm fires a harpoon shot at you.
The harpoon shot hits you!
You are yanked forward by the harpoon shot.
You violently stop moving!
Splash!
You fall into the shallow water.
Moving in this stuff is going to be slow.
A swamp worm comes into view.
You enter the shallow water.
Moving in this stuff is going to be slow.
The swamp worm bites you but does no damage.
A swamp worm comes into view.
You block the swamp worm's attack.
You sock the swamp worm!
The swamp worm is moderately wounded.
You block the swamp worm's attack.
The swamp worm bites you but does no damage.
The swamp worm bites you! x2
* * * LOW HITPOINT WARNING * * *
The swamp worm fires a harpoon shot at you.
The harpoon shot hits you.
* * * LOW HITPOINT WARNING * * *
You are yanked forward by the harpoon shot.
The swamp worm bites you.
* * * LOW HITPOINT WARNING * * *
The swamp worm bites you! The Shining One protects you from harm!
As you read the scroll labelled OGGAMA LAKHOO, it crumbles to dust.
You hear a loud clanging noise!
It was a scroll of noise.
The swamp worm bites you!
You die...

### ######### ##.##
##.......### ##.#.######
#..≈≈≈≈≈...#####.###.....#
#.≈≈≈≈≈≈w#......#.#.####.#
#.≈≈PP≈≈w@.####......# #.#
#≈≈##≈##w≈## #......# #.#
≈≈ #≈≈ #≈≈≈## ##.....###.#
#≈ ##≈≈.# ##...###.#. #≈ ≈≈
#≈≈.#########..### .≈≈##
##≈≈........##.#.#. .≈≈≈
#≈≈)#.......##.##.# .#≈≈#
##≈≈##.......##.##.#
...≈≈###≈≈###..........##..


You could see 3 swamp worms.

Vanquished Creatures
  Grinder (D:6)
  A sky beast (D:6)
  An ice beast (D:5)
  An orc warrior (D:6)
  A necrophage (D:2)
  A black bear (D:6)
  A centaur (D:5)
  A kobold brigand (Sewer)
  2 bullfrogs
  A scorpion (D:5)
  A water moccasin zombie (D:5)
  A water moccasin skeleton (D:5)
  5 wights (D:6)
  A centaur zombie (D:6)
  2 hounds (D:6)
  2 jellies
  A gnoll shaman (D:6)
  2 orc priests
  Ijyb (D:3)
  An orc wizard (D:5)
  A hound zombie (D:4)
  A howler monkey zombie (D:5)
  7 gnolls
  7 adders
  A river rat (Sewer)
  A shadow imp (D:7)
  An ufetubus (D:5)
  2 adder skeletons (D:4)
  A worm (D:4)
  5 dart slugs
  16 orcs
  6 bats
  6 endoplasms
  3 giant cockroaches
  9 goblins
  13 hobgoblins
  8 jackals
  3 kobolds
  2 quokkas (D:1)
  8 ball pythons
  3 frilled lizards (D:3)
  6 rats
138 creatures vanquished.

Vanquished Creatures (others)
  2 plants (D:7)
2 creatures vanquished.

Grand Total: 140 creatures vanquished

Notes
Turn   | Place    | Note
-------+----------+-------------------------------------------
     0 | D:1      | streetpizza the Gargoyle Fighter began the quest for the
                  | Orb.
     0 | D:1      | Reached XP level 1. HP: 14/14 MP: 1/1
    98 | D:1      | Reached XP level 2. HP: 10/19 MP: 2/2
   652 | D:1      | Reached XP level 3. HP: 23/23 MP: 3/3
  1284 | D:2      | Reached XP level 4. HP: 29/29 MP: 4/4
  1536 | D:2      | Found a faded altar of an unknown god.
  1539 | D:2      | Became a worshipper of the Shining One
  1539 | D:2      | Reached * piety under the Shining One
  1597 | D:2      | Noticed a necrophage
  1608 | D:2      | Killed a necrophage
  1609 | D:2      | Reached XP level 5. HP: 27/33 MP: 5/5
  1819 | D:3      | Noticed Ijyb
  1856 | D:3      | Killed Ijyb
  2185 | D:3      | The Shining One protects you from harm!
  2193 | D:3      | Reached XP level 6. HP: 15/39 MP: 6/6
  2491 | D:3      | Found an iron altar of Okawaru.
  3000 | D:4      | Reached ** piety under the Shining One
  3059 | D:4      | Found a glowing drain.
  3077 | Sewer    | Entered a sewer
  3253 | Sewer    | Reached skill level 5 in Fighting
  3253 | Sewer    | Reached skill level 5 in Shields
  3292 | Sewer    | Found a white marble altar of Elyvilon.
  3520 | D:4      | Found a shimmering altar of Xom.
  3747 | D:5      | Entered Level 5 of the Dungeon
  3791 | D:5      | Reached skill level 5 in Armour
  3791 | D:5      | Reached XP level 7. HP: 43/44 MP: 7/7
  3827 | D:5      | Found a hide-covered altar of Uskayaw.
  4640 | D:5      | Reached XP level 8. HP: 32/51 MP: 8/8
  4972 | D:6      | Reached skill level 5 in Maces & Flails
  5275 | D:6      | Reached *** piety under the Shining One
  5944 | D:6      | Noticed Grinder
  5946 | D:6      | Paralysed by Grinder for 2 turns
  5954 | D:6      | Paralysed by Grinder for 5 turns
  5963 | D:6      | Killed Grinder
  6067 | D:6      | Reached XP level 9. HP: 26/56 MP: 9/9
  6305 | D:6      | Found a staircase to the Ecumenical Temple.
  6315 | Temple   | Entered the Ecumenical Temple
  6664 | D:7      | Found a sparkling altar of Nemelex Xobeh.
  6848 | D:7      | The Shining One protects you from harm!
  6849 | D:7      | Slain by a swamp worm

Illustrated notes

Levels and vault maps discovered:
D:1:      lemuel_arrival_cross, layout_basic, corexii_corridor_pit
D:2:      layout_rooms, basic_ecumenical_altar
D:3:      layout_rooms, amcnicky_altar_gilded, uniq_ijyb
D:4:      minmay_chambers_of_fours, layout_basic, xom_teletrap_fun,
          cheibrodos_sewer_entry_bend
D:5:      minmay_evil_eye, layout_layer_cave, lemuel_round_altar
D:6:      layout_rooms, minmay_temple_entry_statues_pillars,
          hangedman_glass_teeth, minivault_25, bh_walls_and_bars, uniq_grinder
D:7:      layout_loops_cross, riverfiend_overflow_shadow_ancestor,
          nemelex_xobeh_ov_fountains_minmay, zin_scriptorium, worms_lemuel
Temple:   jpeg_temple_island

Skill      XL: |  1  2  3  4  5  6  7  8  9 |
---------------+----------------------------+-----
Fighting       | 4 5 6 7 |  7.1
Maces & Flails | 3 4 5 6 |  6.1
Armour         | 4 5 6 7 |  7.1
Shields        | 4 5 6 7 |  7.2

Action                   |  1- 3 |  4- 6 |  7- 9 || total
-------------------------+-------+-------+-------++-------
Melee: Flail             |   145 |   186 |   232 ||   563
  Use: Potion            |       |       |     3 ||     3
       Scroll            |       |       |     1 ||     1
Armor: Scale mail        |    96 |    25 |       ||   121
       Leather armour    |       |    48 |    99 ||   147
       Skin              |       |       |    11 ||    11
Dodge: Dodged            |    64 |    49 |    81 ||   194
Block: Kite shield       |    91 |    83 |   149 ||   323

Table legend: (Time is in decaauts)
 A = Elapsed time spent in this place.
 B = Non-inter-level travel time spent in this place.
 C = Inter-level travel time spent in this place.
 D = Time resting spent in this place.
 E = Time spent auto-exploring this place.
 F = Levels seen in this place.
 G = Mean time per level.
                   A        B        C        D        E       F      G
               +--------+--------+--------+--------+--------+-----+--------+
         Total |   7171 |   7031 |    140 |     10 |   5434 |   9 |  796.8 |
       Dungeon |   6571 |   6431 |    140 |     10 |   4966 |   7 |  938.7 |
        Temple |    266 |    266 |      0 |      0 |    246 |   1 |  266.0 |
         Sewer |    333 |    333 |      0 |      0 |    222 |   1 |  333.0 |
               +--------+--------+--------+--------+--------+-----+--------+

Top non-repeatable levels by time:
     D:6: 1509 daAuts
     D:5: 1240 daAuts
     D:3: 960 daAuts
     D:1: 929 daAuts
     D:2: 905 daAuts
     D:4: 814 daAuts
   Sewer: 333 daAuts
  Temple: 266 daAuts
     D:7: 211 daAuts
